 Dungeon Crawl Stone Soup version 0.26-a0-598-g61e6210cf4 (webtiles) character file.

Game seed: 7037648856158319642

96 PsychoGun the Cudgeler (level 4, 0/35 HPs)
             Began as a Human Wanderer on Aug 28, 2020.
             Was an Initiate of the Shining One.
             Slain by a water moccasin (2 damage)
             ... on level 2 of the Dungeon.
             The game lasted 00:05:30 (3299 turns).

PsychoGun the Cudgeler (Human Wanderer)             Turns: 3299, Time: 00:05:31

Health: 0/35       AC:  6    Str: 13      XL:     4   Next: 98%
Magic:  4/4        EV: 10    Int:  8 (10) God:    the Shining One [......]
Gold:   100        SH:  0    Dex: 12 (15) Spells: 3/3 levels left

rFire    . . .     SeeInvis .   a - +2 mace
rCold    . . .     Faith    +   (no shield)
rNeg     + . .     Spirit   .   l - +0 ring mail
rPois    .         Reflect  .   c - +0 helmet
rElec    .         Harm     .   g - scarf {repulsion}
rCorr    .                      (no gloves)
MR       .....                  (no boots)
Stlth    +.........             n - amulet of faith
HPRegen  0.11/turn              d - ring of positive energy
MPRegen  0.09/turn              (no ring)

@: glowing, repel missiles
A: no striking features
a: Renounce Religion


You were on level 2 of the Dungeon.
You worshipped the Shining One.
The Shining One was noncommittal.
You visited 1 branch of the dungeon, and saw 3 of its levels.

You collected 100 gold pieces.

Inventory:

Hand Weapons
 a - a +2 mace (weapon)
 b - a +4 hunting sling
Missiles
 i - 12 sling bullets
 m - 15 poisoned darts (quivered)
Armour
 c - a +0 helmet (worn)
 g - a scarf of repulsion (worn)
 l - a +0 ring mail (worn)
Jewellery
 d - a ring of positive energy (left hand)
 n - an amulet of faith (around neck)
Scrolls
 f - 3 scrolls of amnesia
 j - a scroll of remove curse
Potions
 e - 2 potions of degeneration
 h - a potion of flight


   Skills:
 + Level 3.0 Fighting
 + Level 3.6 Maces & Flails
   Level 2.0 Polearms
 - Level 2.0 Throwing
 - Level 1.0 Armour
 - Level 1.0 Dodging
 - Level 1.0 Stealth


You had 3 spell levels left.
You didn't know any spells.
Your spell library was empty.

Dungeon Overview and Level Annotations

Branches:
Dungeon (3/15)

Altars:
Ashenzari
Qazlal
Sif Muna
Uskayaw
Xom
Zin
The Shining One


Message History

You hit the water moccasin.
The water moccasin is lightly wounded.
You feel sick. The water moccasin bites you. The water moccasin bites you!
* * * LOW HITPOINT WARNING * * *
You miss the water moccasin.
The water moccasin is lightly wounded.
* * * LOW HITPOINT WARNING * * *
You feel sick. The water moccasin closely misses you.
The water moccasin bites you.
* * * LOW HITPOINT WARNING * * *
You feel better. The water moccasin bites you.
* * * LOW HITPOINT WARNING * * *
You hit the water moccasin.
The water moccasin is moderately wounded.
The water moccasin closely misses you. The water moccasin bites you.
* * * LOW HITPOINT WARNING * * *
You barely miss the water moccasin.
The water moccasin is moderately wounded.
The water moccasin bites you.
You die...

#.....>.###....⌠....###.....
#########.............######
###......8...8......###
#_..................._#
########...8...########
##.....## ##...## ########.##
#########...@S.#'## ##
#.........#####...# .#
#.#######.# ###...###########
.#
#.........###................
.#
#.###.............######..###
.# #.###.###.####....#
#.....# .#
#.........#####.#.# #.....##
.# #.................#
#......# ##
#.###.#.#######.### #......#


You could see a water moccasin.

Vanquished Creatures
  Robin (D:2)
  2 adders (D:2)
  A worm (D:2)
  A dart slug (D:1)
  6 leopard geckos
  2 giant cockroaches (D:1)
  9 goblins
  8 hobgoblins
  2 jackals (D:2)
  6 kobolds
  4 bats
  6 frilled lizards
  6 rats
54 creatures vanquished.

Notes
Turn   | Place    | Note
-------+----------+-------------------------------------------
     0 | D:1      | PsychoGun the Human Wanderer began the quest for the Orb.
     0 | D:1      | PsychoGun set off with the following items: a +2 mace, a +0
                  | ring mail, a +0 spear
     0 | D:1      | Reached XP level 1. HP: 15/15 MP: 1/1
   108 | D:1      | Reached XP level 2. HP: 19/21 MP: 2/2
   452 | D:1      | Reached XP level 3. HP: 27/27 MP: 3/3
  1714 | D:2      | Reached XP level 4. HP: 34/34 MP: 4/4
  1717 | D:2      | Found a shattered altar of Ashenzari.
  1848 | D:2      | Found a shimmering blue altar of Sif Muna.
  2437 | D:2      | Noticed Robin
  2660 | D:2      | HP: 1/34 [hobgoblin[Robin] (3)]
  2968 | D:2      | Killed Robin
  3199 | D:2      | Found a glowing golden altar of the Shining One.
  3208 | D:2      | Became a worshipper of the Shining One
  3214 | D:2      | Found a shimmering altar of Xom.
  3214 | D:2      | Found a stormy altar of Qazlal.
  3224 | D:2      | Found a hide-covered altar of Uskayaw.
  3227 | D:2      | Found a glowing silver altar of Zin.
  3286 | D:3      | Noticed a water moccasin
  3299 | D:2      | Slain by a water moccasin

Illustrated notes

Levels and vault maps discovered:
D:1:      lightli_arrival_isolated_outpost, layout_basic
D:2:      layout_loops_corners, marbit_many_paths,
          minmay_overflow_temple_star_hex, led_sif_pool, uniq_robin
D:3:      layout_loops_ring, uniq_natasha

Skill      XL: |  1  2  3  4 |
---------------+-------------+-----
Fighting       | 2 3 |  3.0
Maces & Flails | 3 |  3.6
Polearms       | |  2.0
Throwing       | |  2.0
Armour         | |  1.0
Dodging        | |  1.0
Stealth        | |  1.0

Action                   |  1- 3 |  4- 6 || total
-------------------------+-------+-------++-------
Melee: Mace              |    75 |    71 ||   146
 Fire: Hunting sling     |    10 |     1 ||    11
  Use: Scroll            |     6 |     1 ||     7
       Potion            |       |     7 ||     7
Armor: Ring mail         |    36 |    42 ||    78
Dodge: Dodged            |    57 |    73 ||   130

Table legend: (Time is in decaauts)
 A = Elapsed time spent in this place.
 B = Non-inter-level travel time spent in this place.
 C = Inter-level travel time spent in this place.
 D = Time resting spent in this place.
 E = Time spent auto-exploring this place.
 F = Levels seen in this place.
 G = Mean time per level.
                   A        B        C        D        E       F      G
               +--------+--------+--------+--------+--------+-----+--------+
         Total |   3341 |   3177 |    164 |    932 |   1638 |   3 | 1113.7 |
       Dungeon |   3341 |   3177 |    164 |    932 |   1638 |   3 | 1113.7 |
               +--------+--------+--------+--------+--------+-----+--------+

Top non-repeatable levels by time:
     D:2: 1800 daAuts
     D:1: 1531 daAuts
     D:3: 10 daAuts
